 Dungeon Crawl Stone Soup version 0.14.0-18-g0341e45 (webtiles) character file.

1143162 HungrySpirit the Invulnerable (level 27, -1/271 (273) HPs)
             Began as a Minotaur Gladiator on Apr 18, 2014.
             Was the Champion of the Shining One.
             Slain by an Executioner (2 damage)
             ... in Pandemonium on Apr 19, 2014.
             The game lasted 05:18:18 (95586 turns).

HungrySpirit the Invulnerable (Minotaur Gladiator) Turns: 95586, Time: 05:18:19

HP  -1/271 (273) AC 55     Str 41      XL: 27
MP  19/43        EV 25     Int  0 (5)  God: the Shining One [******]
Gold 11647       SH 78     Dex 13      Spells:  0 memorised, 26 levels left

rFire  + + +     SeeInvis +     a - +9 broad axe (holy)
rCold  + + +     Clarity  .     W - +12 gold dragon armour
rNeg   + + +     Conserve .     v - +0 large shield {AC+3}
rPois  +         rCorr    .     y - +2 hat "Eqegic" {Dex+2 Dam+3}
rElec  +         rRot     .     n - +0 cloak {MR+}
SustAb . .       Spirit   .     I - +1 pair of gloves of Focus {rElec rN+ SInv}
rMut   +         Warding  .     m - +2 pair of boots {run}
Saprov . . .     Stasis   .     V - amulet of resist mutation
MR     +++..                    X - ring "Shinug" {rF+ rC++ EV+6 Dam+5}
                                O - ring "Cahis" {rF++ rC+ Str+3 SInv}

@: lost intelligence, mighty, studying Bows, lethally poisoned, glowing, very
slow, extremely resistant to hostile enchantments, extremely unstealthy
A: retaliatory headbutt, horns 2, thin metallic scales 1
a: Divine Shield, Cleansing Flame, Summon Divine Warrior, Renounce Religion
}: 10/15 runes: decaying, serpentine, slimy, silver, obsidian, abyssal, demonic,
glowing, magical, fiery


You were in Pandemonium.
You worshipped the Shining One.
The Shining One was exalted by your worship.
You were very full.

You visited 14 branches of the dungeon, and saw 74 of its levels.
You visited Pandemonium 1 time, and saw 19 of its levels.
You visited the Abyss 3 times.
You visited 4 Ziggurats, and saw 51 of their levels (deepest: 16).
You also visited: Ice Cave and Wizlab.

You collected 13341 gold pieces.
You spent 1694 gold pieces at shops.

Inventory:

Hand weapons
 a - a +9,+9 broad axe of holy wrath (weapon)
 z - the +10,+6 mithril axe "Arga" {speed, MR+ Str+2}
   (You found it on level 6 of the Dungeon)

   Attacks with this weapon are significantly faster.
   It affects your strength (+2).
   It affects your resistance to hostile enchantments.
Missiles
 c - 3 throwing nets (quivered)
Armour
 m - a +2 pair of boots of running (worn)
 n - a +0 cloak of magic resistance (worn)
 v - a +0 large shield of protection (worn)
 y - the +2 hat "Eqegic" (worn) {Dex+2 Dam+3}
   (You acquired it on level 9 of a ziggurat)

   It affects your dexterity (+2).
   It affects your damage with ranged weapons and melee attacks (+3).
 H - a +1 pair of boots of flying
 I - the +1 pair of gloves of Focus (worn) {rElec rN+ SInv}
   (You found it on level 6 of the Pits of Slime)

   It insulates you from electricity.
   It protects you from negative energy.
   It enhances your eyesight.
 W - a +12 gold dragon armour (worn)
Magical devices
 s - a wand of digging (24)
 t - a wand of teleportation (9)
 u - a wand of teleportation (9)
 w - a wand of teleportation (9)
 A - a wand of teleportation (8)
 G - a wand of disintegration (23)
 K - a wand of teleportation (9)
 Q - a wand of teleportation (9)
 R - a wand of heal wounds (9)
Comestibles
 f - 40 bread rations
 l - 12 meat rations
Scrolls
 e - 5 scrolls of identify
 k - 2 scrolls of silence
 q - 2 scrolls of fog
 r - 4 scrolls of teleportation
 x - 3 scrolls of remove curse
 E - a scroll of magic mapping
 S - a scroll of blinking
Jewellery
 b - a cursed ring of teleportation
 g - a cursed ring of see invisible
 i - the ring "Udaydia" {+Blink rC+ Dex+4}
   (You found it on level 9 of a ziggurat)

   [ring of dexterity]

   It affects your dexterity (+4).
   It protects you from cold.
   It lets you blink.
 j - an uncursed ring of protection from fire
 o - the ring "Kurecodo" {-Cast EV+2 Acc-2 Dam+4}
   (You found it on level 14 of a ziggurat)

   [ring of evasion]

   It affects your evasion (+2).
   It affects your accuracy with ranged weapons and melee attacks (-2).
   It affects your damage with ranged weapons and melee attacks (+4).
   It prevents spellcasting.
 p - an uncursed amulet of resist corrosion
 F - an uncursed ring of teleport control
 M - the ring of the Hippo {SustAb Dex+1 Stlth+}
   (You found it on level 16 of a ziggurat)

   [ring of sustain abilities]

   It affects your dexterity (+1).
   It makes you much more stealthy.
 O - the ring "Cahis" (left hand) {rF++ rC+ Str+3 SInv}
   (You found it on level 10 of a ziggurat)

   [ring of strength]

   It affects your strength (+3).
   It greatly protects you from fire.
   It protects you from cold.
   It enhances your eyesight.
 V - an amulet of resist mutation (around neck)
 X - the ring "Shinug" (right hand) {rF+ rC++ EV+6 Dam+5}
   (You found it on level 12 of a ziggurat)

   [ring of evasion]

   It affects your evasion (+6).
   It affects your damage with ranged weapons and melee attacks (+5).
   It protects you from fire.
   It greatly protects you from cold.
Potions
 h - 7 potions of curing
 C - 4 potions of might
 D - a potion of berserk rage
 J - 6 potions of heal wounds
 L - a potion of resistance
 N - a potion of lignification
 P - 6 potions of cure mutation
Books
 B - a manual of Bows
Miscellaneous
 d - a fan of gales


   Skills:
 O Level 27 Fighting
 - Level 26.3 Axes
 - Level 2.0 Throwing
 O Level 27 Armour
 + Level 24.6 Dodging
 O Level 27 Shields
 O Level 27 Invocations
 + Level 22.6 Evocations


You had 26 spell levels left.
You didn't know any spells.

Dungeon Overview and Level Annotations

Branches:
Dungeon (15/15)            Temple (0/1) D:7             Orc (4/4) D:10
    Elf (3/3) Orc:4          Lair (8/8) D:10          Swamp (5/5) Lair:3
  Snake (5/5) Lair:5        Slime (6/6) Lair:6       Vaults (5/5) D:14
  Blade (1/1) Vaults:4      Crypt (5/5) Vaults:2       Tomb (0/3) Crypt:3
   Hell (1/1)                 Geh (7/7) Hell            Zot (4/5) Depths:5
 Depths (5/5) D:15
    Dis: Hell:1         Coc: Hell:1         Tar: Hell:1

Altars:
Ashenzari
Kikubaaqudgha
Nemelex Xobeh
Okawaru
Sif Muna
Vehumet
Yredelemnul
The Shining One
Beogh
Jiyva

Shops:
D:4 *   D:5 %   D:6 *   D:15 %   Orc:4 ?!:?   Elf:1 ?   Snake:2 }
Snake:5 **[([   Vaults:3 }   Vaults:4 (   Depths:1 *   Depths:3 [   Depths:4 =

Portals:
Hell: Depths:1 Depths:2 Depths:3 Depths:4 Depths:5
Abyss: Depths:3 Depths:4
Pandemonium: Depths:1* Depths:3
Trove: Depths:2 (show slimy rune of Zot)

Annotations:
Snake:4 exclusion: oklob plant
Depths:2 exclusion: ice statue
Depths:3 exclusion: door


Innate Abilities, Weirdness & Mutations

You reflexively headbutt those who attack you in melee.
You have a pair of horns on your head.
You are partially covered in thin metallic scales (AC +2).


Message History

The golden flame engulfs the Executioner.
The Executioner writhes in agony!
The Executioner is heavily wounded.
You feel somewhat less full.
You are engulfed in dark miasma.
* * * LOW HITPOINT WARNING * * *
You feel sick. You block the Executioner's attack.
You block the Executioner's attack. The Executioner completely misses you.
You block the Executioner's attack. The Executioner closely misses you.
You block the Executioner's attack.
The Executioner gestures.
The Executioner seems to speed up.
The Executioner hits you but does no damage.
You block the Executioner's attack.
The Executioner hits you but does no damage. x2
The Executioner misses you. The Executioner barely misses you.
The Executioner barely misses you. You furiously retaliate!
You headbutt the Executioner!
The Executioner hits you but does no damage.
The Executioner hits you.
You die...

#..##.#.#.#.#
#..###.#.#.#.#
#..'...........
#..'............
#..'.........§&
#..###.#.#.#§#
#..##.#§#3#§#
#...##1#1#§#
##..#.#@#.#
#..##§#.#.#
#...##.#.#.#
##..#.# #.#.#
#..## #.#.# #...
#.#.# ##.. # # .


You could see 2 Executioners and a soul eater.

Vanquished Creatures
  Asmodeus (Geh:7)
  the royal jelly (Slime:6)
  Gloorx Vloq (Pan)
  An orb of fire (Zig:14)
  3 ancient liches
  The ghost of Leibowitz the Merfolkian Porcupine, a legendary MfGl of Okawaru (Zig:6)
  Saint Roka (Crypt:5)
  4 Killer Klowns
  12 pandemonium lords
  Geryon (Hell)
  8 golden dragons
  5 profane servitors
  Xtahua (Crypt:4)
  Frederick (Vaults:4)
  12 Brimstone Fiends
  7 bone dragons
  A hellephant (Zig:9)
  9 Ice Fiends
  10 tentacled monstrosities
  7 Hell Sentinels (Pan)
  21 titans
  12 Shadow Fiends
  A quicksilver dragon (Zig:7)
  6 deep elf master archers
  11 deep elf blademasters
  7 azure jellies
  17 acid blobs
  7 liches
  5 tentacled starspawn
  14 Executioners
  3 sphinxes
  14 storm dragons
  Rupert (D:14)
  17 tengu reavers
  Agnes (Blade)
  6 ancient champions
  A daeva (Abyss:1)
  6 shadow dragons
  9 draconian monks
  10 corrupters (Pan)
  6 revenants
  18 greater nagas
  A fire giant (shapeshifter) (Zig:1)
  11 ghost moths
  24 frost giants
  A frost giant (shapeshifter) (Zig:4)
  14 deep elf sorcerers
  Maud (Lair:7)
  7 draconian scorchers
  14 draconian knights
  23 vault wardens
  An emperor scorpion (Depths:2)
  7 iron dragons
  23 fire giants
  33 balrugs
  18 cacodemons (Pan)
  11 draconian zealots
  An octopode crusher (Depths:3)
  Gastronok (D:9)
  5 orc warlords
  7 warmongers (Pan)
  12 draconian annihilators
  21 reapers
  8 draconian shifters
  8 rakshasas
  5 war gargoyles
  6 spriggan defenders
  38 stone giants
  A stone giant (shapeshifter) (Zig:11)
  13 blood saints
  11 salamander firebrands
  4 draconian callers
  7 grey draconians
  18 deep elf annihilators
  11 deep elf demonologists
  9 green draconians
  A spectral titan (Vaults:5)
  7 lorocyprocas (Pan)
  10 chaos champions
  A curse skull (Crypt:2)
  8 black draconians
  15 dire elephants
  14 white draconians
  9 purple draconians
  9 red draconians
  4 mottled draconians
  A pale draconian (shapeshifter) (Zig:11)
  5 vampire knights
  2 yellow draconians
  14 black suns
  9 pale draconians
  11 death oozes
  2 unborn
  12 deep elf death magi
  3 crystal guardians (Crypt:5)
  39 dancing weapons
  17 yaktaur captains
  17 blizzard demons
  12 deep elf high priests
  3 mummy priests (Zig:7)
  19 ettins
  A siren (shapeshifter) (Vaults:5)
  4 eidola
  14 jiangshi
  31 vault guards
  2 minotaurs
  9 green deaths
  A spectral golden dragon (Zig:12)
  14 ironheart preservers
  24 fire dragons
  A quicksilver dragon skeleton (Geh:7)
  Fannar (Orc:2)
  5 spriggan air magi
  6 death cobs
  6 statues (WizLab)
  19 anacondas
  24 naga warriors
  45 monstrous demonspawn (Pan)
  13 ice dragons
  26 hydras
  5 great orbs of eyes
  3 shambling mangroves
  11 ogre magi
  29 death yaks
  3 tengu warriors
  2 merfolk aquamancers
  2 plague shamblers
  2 deep dwarf death knights
  A spectral fire giant (Zig:12)
  6 satyrs
  4 thrashing horrors
  2 alligators
  8 deep troll shamans
  9 hell hogs
  4 spriggan enchanters
  2 spriggan assassins
  6 orc high priests
  6 deep troll earth magi
  A spectral spriggan (Zig:16)
  15 naga sharpshooters
  Urug (D:11)
  9 spriggan berserkers
  5 titan zombies
  4 vampire magi
  3 storm dragon zombies
  18 shock serpents
  9 centaur warriors
  11 salamander mystics
  A sea snake (shapeshifter) (Vaults:5)
  22 deep elf knights
  30 very ugly things
  2 titan skeletons
  49 sun demons
  A fire crab (shapeshifter) (Zig:4)
  51 skeletal warriors
  7 wretched stars
  20 ice devils
  32 gelid demonspawn (Pan)
  39 hell knights
  21 shadow wraiths
  A catoblepas (Depths:5)
  A storm dragon skeleton (Geh:7)
  27 soul eaters
  22 deep trolls
  A golden dragon zombie (Zig:11)
  5 orb spiders
  12 iron trolls
  7 naga ritualists
  3 spatial maelstroms
  9 unseen horrors
  2 sea snakes (Snake:1)
  A ball lightning (Pan)
  2 spriggan druids
  4 anaconda zombies
  6 death drakes
  An orb spider (shapeshifter) (Zig:5)
  48 infernal demonspawn (Pan)
  A ghost moth zombie (Geh:6)
  6 giant orange brains
  A swamp dragon (Zig:7)
  A deep troll (shapeshifter) (Zig:11)
  25 torturous demonspawn
  58 large abominations
  29 putrid demonspawn (Pan)
  2 spectral hydras (Zig:12)
  17 shadow demons
  4 ice statues
  7 spectral elves
  10 flayed ghosts
  19 deep elf conjurers
  13 starcursed masses
  11 deep elf summoners
  4 anaconda skeletons
  16 ironbrand convokers
  A water nymph (shapeshifter) (Vaults:1)
  26 necromancers
  A mana viper (shapeshifter) (Vaults:5)
  3 tengu zombies
  5 shadow dragon zombies
  Joseph (D:7)
  16 orc sorcerers
  8 draconian zombies
  A red wasp (shapeshifter) (Depths:5)
  3 golden dragon skeletons
  25 orc knights
  6 shining eyes
  5 harpies (Vaults:2)
  27 hellions
  8 flaming corpses
  14 mana vipers
  A shadow dragon skeleton (Crypt:1)
  An iron dragon zombie (Geh:7)
  9 lindwurms
  5 wizards
  3 fire giant zombies
  2 frost giant zombies
  7 griffons
  A sphinx skeleton (Depths:1)
  4 stone giant zombies
  10 oklob plants
  10 wolf spiders
  A manticore (shapeshifter) (Depths:5)
  4 manticores
  34 sixfirhies
  3 iron dragon skeletons
  23 elephants
  11 phantasmal warriors
  A moth of wrath (shapeshifter) (Depths:2)
  8 cyclopes
  A faun (shapeshifter) (Vaults:2)
  27 moths of wrath
  A shining eye (shapeshifter) (Zig:4)
  4 worldbinders
  3 apocalypse crabs
  26 salamanders
  2 stone giant skeletons
  2 dire elephant zombies
  An eye of devastation (Zig:9)
  16 guardian serpents
  41 black mambas
  3 fire giant skeletons
  6 frost giant skeletons
  3 demonspawn zombies (Pan)
  13 red wasps
  A shock serpent zombie (Geh:7)
  An octopode (shapeshifter) (Depths:3)
  18 vault sentinels
  9 molten gargoyles
  An item mimic (Orc:2)
  64 smoke demons
  A guardian serpent (shapeshifter) (Depths:4)
  2 gargoyles (D:15)
  A shock serpent skeleton (Crypt:5)
  65 orange demons
  17 spiny frogs
  An alligator snapping turtle zombie (Crypt:1)
  A pale draconian zombie (Zot:1)
  A vapour (Abyss:2)
  A spiny frog (shapeshifter) (Depths:2)
  4 dire elephant skeletons
  An eye of devastation (shapeshifter) (Vaults:5)
  Psyche (D:9)
  A yaktaur zombie (Vaults:4)
  3 kobold demonologists
  A tengu conjurer (Zig:8)
  A white draconian zombie (Zot:1)
  10 fire drakes
  A mottled draconian zombie (Zig:10)
  5 dryads
  An elf (shapeshifter) (Zig:11)
  A feature mimic (Crypt:1)
  74 yaktaurs
  35 naga magi
  15 tormentors
  8 efreet
  A yellow draconian zombie (Crypt:4)
  3 anaconda simulacra (IceCv)
  2 iron troll zombies
  A purple draconian skeleton (Crypt:2)
  A spectral deep dwarf (Zig:16)
  10 iron devils
  A queen bee (Lair:7)
  18 demonic crawlers
  2 golden dragon simulacra
  11 boggarts
  6 hill giants
  A sea snake skeleton (Crypt:3)
  A yaktaur skeleton (Vaults:2)
  A shadow dragon simulacrum (Vaults:3)
  14 two-headed ogres
  13 guardian mummies
  13 komodo dragons
  60 hellwings
  12 blue devils
  22 freezing wraiths
  A yellow draconian skeleton (Crypt:2)
  9 jumping spiders
  2 boggarts (shapeshifter)
  2 catoblepas zombies
  A wind drake (shapeshifter) (Abyss:2)
  62 red devils
  10 trolls
  A giant leech (shapeshifter) (Vaults:5)
  Sonja (D:14)
  3 silent spectres
  5 giant leeches
  A baby alligator (shapeshifter) (Vaults:3)
  4 ancient zymes
  6 hydra zombies
  12 giant fireflies
  14 deep elf priests
  A komodo dragon (shapeshifter) (Abyss:3)
  Prince Ribbit (D:7)
  A frost giant simulacrum (Crypt:1)
  3 hydra skeletons
  23 blink frogs
  2 slime creatures (shapeshifter)
  2 tengu simulacra
  A jumping spider zombie (Crypt:4)
  A wolf spider simulacrum (IceCv)
  A merfolk (shapeshifter) (Depths:3)
  A harpy skeleton (Geh:2)
  7 bog bodies
  20 ravens
  8 boulder beetles
  2 fire dragon zombies
  3 moth of wrath zombies (Zig:15)
  4 wind drakes
  3 catoblepas skeletons
  A spectral swamp dragon (Zig:12)
  11 raiju
  A deep troll zombie (Zig:3)
  2 ettin zombies (Geh:3)
  2 air elementals (Depths:5)
  2 alligator zombies
  49 slime creatures
  A boulder beetle (shapeshifter) (Depths:4)
  9 shadows
  16 brown oozes
  A thorn lotus (Swamp:4)
  A blink frog (shapeshifter) (Vaults:2)
  11 human zombies
  4 basilisks
  4 human skeletons
  2 grizzly bears (shapeshifter)
  5 trapdoor spiders
  64 flying skulls
  2 ice dragon zombies
  6 vampires
  A basilisk (shapeshifter) (Abyss:2)
  2 fire dragon skeletons
  A grizzly bear (Lair:5)
  A wandering mushroom (Lair:7)
  A tarantella (shapeshifter) (D:14)
  A dragon zombie (Crypt:4)
  9 redbacks
  A spriggan (shapeshifter) (Vaults:3)
  An alligator skeleton (Geh:3)
  4 ettin skeletons
  A black mamba zombie (Geh:7)
  An ice dragon skeleton (Geh:7)
  5 tarantellas
  A formicid (shapeshifter) (Vaults:2)
  38 deep elf magi
  18 wraiths
  A dire elephant simulacrum (IceCv)
  16 humans (D:14)
  3 sharks
  3 water elementals
  7 wyverns
  63 ugly things
  2 fire bats
  40 ynoxinuls
  Eustachio (D:7)
  10 hungry ghosts
  A black mamba skeleton (Geh:7)
  11 spriggans
  35 deep elf fighters
  2 steam dragons (D:12)
  4 swamp worm simulacra (Swamp:5)
  Grum (D:10)
  20 vampire mosquitoes
  17 fire elementals
  3 golden eyes
  A hill giant skeleton (D:13)
  15 hippogriffs
  44 neqoxecs
  53 yaks
  A spriggan simulacrum (Zig:13)
  An elf skeleton (Zig:11)
  A hippogriff (shapeshifter) (Vaults:4)
  13 wargs
  12 wolves
  34 water moccasins
  An iron troll simulacrum (IceCv)
  2 torturous demonspawn zombies
  13 hell beasts
  31 swamp worms
  A spectral snapping turtle (Zig:12)
  14 chaos spawn
  7 mottled dragons
  Menkaure (D:7)
  4 ogre zombies
  3 infernal demonspawn zombies (Pan)
  9 necrophages
  27 hell hounds
  10 spatial vortices
  2 putrid demonspawn zombies (Pan)
  60 nagas
  2 sky beasts
  A merfolk skeleton (Crypt:2)
  15 hydra simulacra
  A swamp worm (shapeshifter) (Vaults:1)
  29 small abominations
  3 spiny frog zombies
  18 ice beasts
  37 ogres
  A spider (Zig:4)
  8 phantoms
  3 yellow wasps
  An alligator simulacrum (IceCv)
  5 giant goldfish
  2 harpy simulacra (IceCv)
  7 porcupines
  10 swamp drakes
  A black bear (shapeshifter) (D:15)
  An ice dragon simulacrum (Crypt:2)
  2 manticore zombies
  62 orc warriors
  2 black bears
  A blink frog zombie (Crypt:4)
  A boring beetle (Lair:6)
  2 manticore skeletons
  17 crocodiles
  A hog zombie (Crypt:2)
  A boring beetle (shapeshifter) (Depths:4)
  9 centaurs
  A komodo dragon zombie (D:12)
  A dryad zombie (Crypt:1)
  A fire crab zombie (Crypt:1)
  A chimera zombie (Crypt:2)
  7 brain worms
  2 lost souls (Crypt:4)
  23 giant frogs
  A silver statue (Depths:2)
  8 giant slugs
  20 insubstantial wisps
  A wyvern zombie (D:7)
  2 eyes of draining
  2 cyclops skeletons
  3 troll zombies
  A wyvern skeleton (Crypt:3)
  10 scorpions
  A giant goldfish zombie (Crypt:1)
  A spectral boring beetle (Zig:12)
  A polar bear zombie (Crypt:2)
  A yak zombie (D:9)
  36 wights
  2 spriggan zombies
  2 hippogriff zombies
  2 pulsating lumps
  27 killer bees
  2 elephant simulacra (IceCv)
  A grizzly bear skeleton (Crypt:4)
  A boring beetle zombie (Crypt:1)
  A tengu skeleton (Zig:8)
  30 crimson imps
  A goliath beetle (D:7)
  10 quasits
  8 hounds
  3 draconian simulacra (IceCv)
  3 elf zombies
  2 giant frog skeletons
  9 iron imps
  4 centaur zombies
  An elf simulacrum (Crypt:1)
  20 jellies
  21 orc priests
  A basilisk skeleton (D:14)
  A demonspawn skeleton (Crypt:1)
  10 orange rats
  52 orc wizards
  A lightning spire (Zig:9)
  7 worker ants
  3 troll simulacra (IceCv)
  5 iguanas
  A naga zombie (Crypt:3)
  23 sheep
  A felid zombie (Crypt:4)
  Ijyb (D:3)
  A mottled dragon zombie (D:11)
  2 ogre skeletons
  9 mummies
  A kobold simulacrum (D:14)
  An orange rat zombie (Crypt:2)
  A steam dragon zombie (D:7)
  39 adders
  2 naga simulacra (IceCv)
  42 green rats
  An ogre simulacrum (IceCv)
  31 white imps
  6 shadow imps
  6 giant mites
  4 worms
  A goliath beetle zombie (Crypt:1)
  4 swamp drake simulacra (Swamp:5)
  94 ufetubi
  An iguana skeleton (D:10)
  A sheep zombie (Crypt:2)
  An adder skeleton (D:6)
  An orc skeleton (D:6)
  The ghost of nooodl the Charlatan, a weakling FoAr (D:8)
  10 giant eyeballs
  15 oozes
  273 orcs
  21 bats
  4 giant cockroaches
  47 goblins
  23 hobgoblins
  16 jackals
  13 quokkas
  3 ball pythons
  4 giant geckos
  5 giant newts
  3 giant spores
  A gnoll skeleton (Crypt:2)
  2 goblin zombies (Zig:15)
  A hobgoblin skeleton (D:6)
  2 hobgoblin zombies
  21 kobolds
  A kobold zombie (Crypt:4)
  A lurking horror (Abyss:2)
  31 orc zombies
  A quokka zombie (Crypt:3)
  26 rats
  A rat zombie (D:5)
  A spectral lava orc (Zig:16)
  A spectral quokka (Zig:12)
  20 ballistomycetes
  A butterfly (Lair:6)
  6 crawling corpses
  11 fungi
  3 grand avatars (Pan)
  25 plants
  3 snaplasher vines (Zig:13)
  2 starspawn tentacles (Abyss:2)
5522 creatures vanquished.

Vanquished Creatures (collateral kills)
  Mnoleg (Pan)
  Lom Lobon (Pan)
  A Brimstone Fiend (Geh:1)
  A deep elf blademaster (Geh:1)
  A deep elf master archer (Geh:1)
  An azure jelly (Slime:6)
  A balrug (Geh:7)
  A death ooze (Slime:6)
  A soul eater (Pan)
  8 large abominations (Pan)
  A wizard (Pan)
  An anaconda skeleton (Geh:7)
  An orange demon (Pan)
  A brown ooze (Slime:6)
  A neqoxec (Pan)
22 creatures vanquished.

Vanquished Creatures (others)
  A pandemonium lord (Pan)
  A Shadow Fiend (Zig:16)
  2 daevas (Pan)
  2 eldritch tentacles (Pan)
  A fire giant (Geh:7)
  3 angels
  2 deep elf death magi (Zig:16)
  A monstrous demonspawn (Pan)
  An ogre mage (Vaults:1)
  A shock serpent (Zig:6)
  3 ball lightnings
  A large abomination (Pan)
  A golden dragon zombie (Geh:4)
  An infernal demonspawn (Pan)
  A frost giant zombie (Geh:7)
  A salamander (Geh:3)
  A guardian serpent (Zig:14)
  2 smoke demons (Pan)
  A demonspawn zombie (Zig:10)
  A hellwing (Pan)
  A small abomination (Zig:12)
  3 fire drakes
  A red devil (Pan)
  A fire vortex (Pan)
  A flying skull (Geh:3)
  A tarantella (Zig:12)
  A vampire (Geh:3)
  A ynoxinul (Pan)
  2 deep elf fighters
  A deep elf mage (Zig:12)
  A fire bat (Abyss:2)
  A naga (Snake:5)
  A mottled dragon (Zig:2)
  2 swamp drakes
  An ogre (Depths:3)
  A sky beast (shapeshifter) (Depths:1)
  7 lost souls
  A crocodile (Zig:11)
  2 wights (Geh:1)
  An orc wizard (Orc:4)
  2 orange rats (Zig:12)
  2 sheep
  2 adders
  A green rat (Zig:9)
  2 orcs
  A giant spore (D:15)
  A goblin (Zig:15)
  A kobold zombie (Geh:4)
  A lurking horror (Zig:1)
  3 orc zombies
  181 eldritch tentacle segments (Pan)
  4 fungi
  4 plants
  51 snaplasher vine segments (Zig:13)
  6 starspawn tentacles
  15 starspawn tentacle segments
336 creatures vanquished.

Grand Total: 5880 creatures vanquished

Notes
Turn   | Place    | Note
--------------------------------------------------------------
     0 | D:1      | HungrySpirit, the Minotaur Gladiator, began the quest for the Orb.
     0 | D:1      | Reached XP level 1. HP: 18/18 MP: 1/1
    96 | D:1      | Reached skill level 4 in Axes
   189 | D:1      | Reached XP level 2. HP: 25/25 MP: 1/1
   881 | D:2      | Reached skill level 1 in Armour
   994 | D:2      | Reached XP level 3. HP: 30/30 MP: 2/2
  1621 | D:3      | Reached skill level 5 in Axes
  1627 | D:3      | Reached XP level 4. HP: 18/38 MP: 2/2
  1823 | D:3      | Noticed Ijyb
  1856 | D:3      | Killed Ijyb
  2054 | D:3      | Reached XP level 5. HP: 45/45 MP: 2/2
  2712 | D:4      | Reached skill level 6 in Axes
  2845 | D:4      | Found Myprasm's Assorted Antiques.
  2866 | D:4      | Bought an inky potion for 22 gold pieces
  2866 | D:4      | Bought a silvery potion for 22 gold pieces
  2866 | D:4      | Bought an orange potion for 22 gold pieces
  2866 | D:4      | Bought a scroll labeled IMIUDU ZAQUUFA for 25 gold pieces
  3227 | D:4      | Noticed an ogre
  3236 | D:4      | Killed an ogre
  3236 | D:4      | Reached XP level 6. HP: 16/52 MP: 3/3
  3659 | D:5      | Entered Level 5 of the Dungeon
  3662 | D:5      | Paralysed by a giant eyeball for 2 turns
  3668 | D:5      | Paralysed by a giant eyeball for 2 turns
  3739 | D:5      | Reached skill level 7 in Axes
  3996 | D:5      | Reached XP level 7. HP: 56/60 MP: 3/3
  4058 | D:5      | Found a radiant altar of Vehumet.
  4351 | D:5      | Reached skill level 5 in Fighting
  4494 | D:5      | Reached skill level 8 in Axes
  4701 | D:5      | Found Blivoinoir's Food Emporium.
  5245 | D:6      | Found a sparkling altar of Nemelex Xobeh.
  5265 | D:6      | Found Goept's Assorted Antiques.
  5271 | D:6      | Bought a glowing war axe for 84 gold pieces
  5308 | D:6      | Reached skill level 5 in Armour
  5308 | D:6      | Reached XP level 8. HP: 68/70 MP: 3/3
  5324 | D:6      | Found an iron altar of Okawaru.
  5324 | D:6      | Found a glowing golden altar of the Shining One.
  5386 | D:6      | Reached skill level 9 in Axes
  5482 | D:6      | Found a deep blue altar of Sif Muna.
  5679 | D:6      | Reached skill level 10 in Axes
  5740 | D:6      | Became a worshipper of Warmaster Okawaru
  5993 | D:7      | Paralysed by a giant eyeball for 3 turns
  6062 | D:7      | Noticed Menkaure
  6070 | D:7      | Killed Menkaure
  6307 | D:7      | Found a staircase to the Ecumenical Temple.
  6311 | D:7      | Acquired Okawaru's first power
  6324 | D:7      | Reached skill level 11 in Axes
  6341 | D:7      | Reached XP level 9. HP: 72/81 MP: 4/4
  6347 | D:7      | Noticed Eustachio
  6356 | D:7      | Killed Eustachio
  6627 | D:7      | Noticed Joseph
  6650 | D:7      | Killed Joseph
  6650 | D:7      | Reached skill level 12 in Axes
  6796 | D:7      | Noticed Prince Ribbit
  6805 | D:7      | Killed Prince Ribbit
  7062 | D:8      | Noticed nooodl's ghost (weakling FoAr)
  7066 | D:8      | Killed nooodl's ghost
  7177 | D:8      | Reached skill level 13 in Axes
  7237 | D:8      | Reached XP level 10. HP: 78/91 MP: 4/4
  7964 | D:9      | Reached skill level 10 in Fighting
  7964 | D:9      | Reached skill level 14 in Axes
  7967 | D:9      | Noticed Psyche
  7978 | D:9      | Killed Psyche
  8136 | D:9      | Noticed Gastronok
  8150 | D:9      | Killed Gastronok
  8173 | D:9      | Reached skill level 15 in Axes
  8192 | D:9      | Paralysed by a giant eyeball for 3 turns
  8635 | D:10     | Entered Level 10 of the Dungeon
  8649 | D:10     | Acquired Okawaru's second power
  8666 | D:10     | Reached XP level 11. HP: 64/102 MP: 2/4
  8685 | D:10     | Found a staircase to the Lair.
  8794 | D:10     | Reached skill level 16 in Axes
  8836 | D:10     | Noticed Grum
  8859 | D:10     | Killed Grum
  9074 | D:10     | Found a staircase to the Orcish Mines.
  9200 | D:10     | Received a gift from Okawaru
  9203 | D:10     | Got a distressingly furry plate armour {god gift}
  9313 | D:10     | Identified the -5 plate armour of Noughts and Crosses {Dex-3 Int+2} (Okawaru gifted it to you on level 10 of the Dungeon)
  9526 | D:10     | Noticed a hill giant
  9530 | D:10     | Killed a hill giant
  9687 | Lair:1   | Entered Level 1 of the Lair of Beasts
 10524 | Lair:1   | Noticed an eight-headed hydra
 10563 | Lair:1   | Reached skill level 17 in Axes
 11204 | Lair:2   | Reached skill level 1 in Invocations
 11900 | Lair:3   | Found a staircase to the Swamp.
 12115 | Lair:3   | Reached XP level 12. HP: 113/113 MP: 10/10
 12321 | Lair:3   | Received a gift from Okawaru
 12777 | Lair:3   | Identified a scroll of acquirement
 12780 | Lair:3   | Got a pair of faintly glowing gloves
 12783 | Lair:3   | Identified the +2 pair of gloves of Shruosm {+Inv rN+ Acc-1} (You acquired it on level 3 of the Lair of Beasts)
 13452 | Lair:4   | Reached skill level 18 in Axes
 13452 | Lair:4   | Reached skill level 5 in Invocations
 13516 | Lair:4   | Noticed a four-headed hydra
 13526 | Lair:4   | Killed a hydra
 13788 | Lair:5   | Found a staircase to the Snake Pit.
 13847 | Lair:5   | Received a gift from Okawaru
 14253 | Lair:5   | Gained mutation: You have a slow metabolism. [potion of beneficial mutation]
 14535 | Lair:6   | Received a gift from Okawaru
 14580 | Lair:6   | Noticed a five-headed hydra
 14587 | Lair:6   | Killed a one-headed hydra
 14587 | Lair:6   | Reached XP level 13. HP: 116/122 MP: 17/20
 14909 | Lair:7   | Noticed Maud
 14924 | Lair:7   | Killed Maud
 14959 | Lair:7   | Reached skill level 19 in Axes
 15420 | Lair:7   | Got a pair of faintly humming gloves
 15425 | Lair:7   | Identified the cursed +0 pair of gloves of Omission {Str+4 Dex+3 Int+4} (You found it on level 7 of the Lair of Beasts)
 16328 | Lair:8   | Entered Level 8 of the Lair of Beasts
 16363 | Lair:8   | Received a gift from Okawaru
 16531 | Lair:8   | Reached skill level 1 in Shields
 17315 | Lair:8   | Reached skill level 20 in Axes
 17450 | Lair:8   | Noticed a dire elephant
 17462 | Lair:8   | Killed a dire elephant
 17473 | Lair:8   | Noticed a dire elephant
 17473 | Lair:8   | Noticed a dire elephant
 17482 | Lair:8   | Killed a dire elephant
 17482 | Lair:8   | Reached skill level 5 in Shields
 17482 | Lair:8   | Reached XP level 14. HP: 111/133 MP: 18/23
 17494 | Lair:8   | Killed a dire elephant
 17535 | Lair:8   | Got a jewelled plate armour
 17559 | Lair:8   | Identified the cursed -1 plate armour of Laggi {rC++ Dam+4} (You found it on level 8 of the Lair of Beasts)
 17600 | Lair:8   | Noticed a dire elephant
 17617 | Lair:8   | Killed a dire elephant
 17954 | Lair:8   | Noticed a dire elephant
 17969 | Lair:8   | Killed a dire elephant
 17969 | Lair:8   | Received a gift from Okawaru
 18253 | Orc:1    | Entered Level 1 of the Orcish Mines
 18387 | Orc:2    | Noticed Fannar
 18404 | Orc:2    | Killed Fannar
 18596 | Orc:4    | Entered Level 4 of the Orcish Mines
 19977 | Orc:1    | Found a roughly hewn altar of Beogh.
 20397 | Orc:4    | Found a staircase to the Elven Halls.
 21094 | Orc:4    | Found a roughly hewn altar of Beogh.
 21136 | Orc:4    | Found Wutotail's Distillery.
 21145 | Orc:4    | Reached skill level 15 in Fighting
 21148 | Orc:4    | Found Frorir's Magic Scroll Boutique.
 21184 | Orc:4    | Bought a scroll of enchant armour for 97 gold pieces
 21312 | Orc:4    | Found Cuaxaul's Magic Scroll Emporium.
 21329 | Orc:4    | Bought a scroll of holy word for 90 gold pieces
 21329 | Orc:4    | Bought a scroll of enchant armour for 90 gold pieces
 21329 | Orc:4    | Bought a scroll of enchant armour for 90 gold pieces
 21498 | Orc:4    | Found Iruuz's Book Boutique.
 22166 | D:11     | Noticed Urug
 22184 | D:11     | Killed Urug
 22429 | D:12     | Received a gift from Okawaru
 23510 | D:14     | Noticed Sonja
 23521 | D:14     | Killed Sonja
 23532 | D:14     | Noticed Rupert
 23554 | D:14     | Killed Rupert
 23561 | D:14     | Found a gate to the Vaults.
 23565 | D:14     | Received a gift from Okawaru
 23829 | D:14     | Reached XP level 15. HP: 143/143 MP: 24/24
 24259 | D:15     | Entered Level 15 of the Dungeon
 24720 | D:15     | Reached skill level 10 in Armour
 25285 | D:15     | Received a gift from Okawaru
 25302 | D:15     | Got a bloodstained hand axe {god gift}
 25303 | D:15     | Identified the +7,+7 hand axe of Unpleasantness {drain, +Inv rC+} (Okawaru gifted it to you on level 15 of the Dungeon)
 25309 | D:15     | Found a staircase to the Depths.
 25717 | D:15     | Found Sicur's Food Shop.
 26711 | Snake:1  | Entered Level 1 of the Snake Pit
 28211 | Snake:2  | Reached skill level 10 in Shields
 28245 | Snake:2  | Found Ekaekhla's Gadget Boutique.
 28653 | Snake:2  | Received a gift from Okawaru
 29601 | Snake:3  | Received a gift from Okawaru
 29673 | Snake:4  | Found a shattered altar of Ashenzari.
 29721 | Snake:4  | Reached XP level 16. HP: 139/154 MP: 25/25
 30863 | Snake:5  | Entered Level 5 of the Snake Pit
 31383 | Snake:5  | Received a gift from Okawaru
 32037 | Snake:5  | Found Gasoado's Assorted Antiques.
 32156 | Snake:5  | Bought a runed cloak for 193 gold pieces
 32178 | Snake:5  | Received a gift from Okawaru
 32201 | Snake:5  | Found Hofemume's General Store.
 32747 | Snake:5  | Found Siuhil's Weapon Shoppe.
 32748 | Snake:5  | Found Plov Opt's Armour Shoppe.
 32768 | Snake:5  | Reached skill level 15 in Armour
 32884 | Snake:5  | Found Gongaota's Armour Boutique.
 33466 | Snake:5  | Received a gift from Okawaru
 33472 | Snake:5  | Got an ancient fire dragon armour {god gift}
 33494 | Snake:5  | Identified the +9 fire dragon armour "Usouq" {rPois rF++ rC- Dex+1} (Okawaru gifted it to you on level 5 of the Snake Pit)
 33720 | Snake:5  | Reached XP level 17. HP: 137/163 MP: 19/25
 33891 | Snake:5  | Received a gift from Okawaru
 34215 | Snake:5  | Got a serpentine rune of Zot
 34871 | Swamp:1  | Entered Level 1 of the Swamp
 35541 | Swamp:2  | Received a gift from Okawaru
 37035 | Swamp:4  | Received a gift from Okawaru
 37900 | Swamp:5  | Entered Level 5 of the Swamp
 38339 | Swamp:5  | Found a frozen archway.
 38358 | IceCv    | Entered an ice cave
 38547 | IceCv    | Reached skill level 15 in Shields
 38547 | IceCv    | Reached XP level 18. HP: 174/174 MP: 26/26
 39761 | Swamp:5  | Got a decaying rune of Zot
 40283 | Vaults:1 | Entered Level 1 of the Vaults
 40518 | Vaults:1 | Received a gift from Okawaru
 40522 | Vaults:1 | Got a smoking crossbow {god gift}
 40523 | Vaults:1 | Identified the +3,-1 crossbow of Koblagh {penet, +Fly rC+ Str-1 Int-1} (Okawaru gifted it to you on level 1 of the Vaults)
 41585 | Vaults:1 | Received a gift from Okawaru
 41751 | Vaults:1 | Got a twisted battleaxe
 41752 | Vaults:1 | Identified the +9,+7 battleaxe of the Shark {speed, Dex+4 Stlth++} (You took it off a vampire knight on level 1 of the Vaults)
 42408 | Vaults:1 | Got a slimy glass ring
 42410 | Vaults:1 | Identified the ring of the Three Hells {rF+ Str+3} (You found it on level 1 of the Vaults)
 43012 | Vaults:2 | Reached XP level 19. HP: 153/187 MP: 27/27
 44172 | Vaults:2 | Reached skill level 21 in Fighting
 44183 | Vaults:2 | Received a gift from Okawaru
 44314 | Vaults:2 | Found a staircase to the Crypt.
 44314 | Vaults:2 | Found an ancient bone altar of Kikubaaqudgha.
 44315 | Vaults:2 | Found a basalt altar of Yredelemnul.
 44513 | Vaults:3 | Found Psajal's Gadget Emporium.
 45594 | Vaults:4 | Found a magical portal.
 45615 | WizLab   | Entered a wizard's laboratory
 46093 | Vaults:4 | Received a gift from Okawaru
 46113 | Vaults:4 | Reached skill level 22 in Fighting
 46576 | Vaults:4 | Found a staircase to the Hall of Blades.
 46590 | Blade    | Entered the Hall of Blades
 46592 | Blade    | Noticed Agnes
 46598 | Blade    | Killed Agnes
 46609 | Blade    | Reached XP level 20. HP: 192/200 MP: 26/27
 47449 | Vaults:4 | Noticed Frederick
 47464 | Vaults:4 | Killed Frederick
 47582 | Vaults:4 | Found Klabb's Antique Weapon Emporium.
 47736 | Vaults:5 | Entered Level 5 of the Vaults
 47769 | Vaults:5 | Received a gift from Okawaru
 47806 | Vaults:5 | Reached skill level 23 in Fighting
 48175 | Vaults:5 | Noticed a golden dragon
 48195 | Vaults:5 | Killed a golden dragon
 48197 | Vaults:5 | Received a gift from Okawaru
 48661 | Vaults:5 | Reached XP level 21. HP: 211/211 MP: 28/28
 48715 | Vaults:5 | Cast into the Abyss (tengu reaver)
 49422 | Abyss:1  | Found a corrupted altar of Lugonu.
 49615 | Abyss:2  | Found a radiant altar of Vehumet.
 49731 | Abyss:2  | Gained mutation: You tend to lose your temper in combat. [a neqoxec]
 49772 | Vaults:5 | Escaped the Abyss
 50044 | Vaults:5 | Got a silver rune of Zot
 50067 | Vaults:5 | Received a gift from Okawaru
 50075 | Vaults:5 | Noticed a golden dragon
 50089 | Vaults:5 | Killed a golden dragon
 50115 | Vaults:5 | Got a pair of warped boots {god gift}
 50116 | Vaults:5 | Identified the +2 pair of boots of the Nine Demons {Int+3 Stlth+} (Okawaru gifted it to you on level 5 of the Vaults)
 50313 | Vaults:5 | Noticed a golden dragon
 50337 | Vaults:5 | Killed a golden dragon
 50359 | Vaults:5 | Cast into the Abyss (deep elf sorcerer)
 50410 | Abyss:2  | Found a corrupted altar of Lugonu.
 50825 | Abyss:2  | Gained mutation: You are frail (-10% HP). [a neqoxec]
 51123 | Vaults:5 | Escaped the Abyss
 51734 | Vaults:5 | Reached skill level 24 in Fighting
 51871 | Vaults:5 | Received a gift from Okawaru
 52210 | Vaults:5 | Reached XP level 22. HP: 199/199 MP: 28/28
 52638 | Vaults:5 | Received a gift from Okawaru
 53270 | Orc:4    | Bought a potion of cure mutation for 490 gold pieces
 53271 | Orc:4    | Lost mutation: You tend to lose your temper in combat. [potion of cure mutation]
 53271 | Orc:4    | Lost mutation: You are frail (-10% HP). [potion of cure mutation]
 53271 | Orc:4    | Lost mutation: You have a slow metabolism. [potion of cure mutation]
 53495 | Depths:1 | Entered Level 1 of the Depths
 53503 | Depths:1 | Found a one-way gate leading to the halls of Pandemonium.
 53551 | Depths:1 | Found a gateway to Hell.
 54041 | Depths:1 | Found Kloc's Assorted Antiques.
 54042 | Depths:1 | Received a gift from Okawaru
 54051 | Depths:1 | Bought a scroll of enchant weapon I for 136 gold pieces
 55146 | Depths:2 | Found a portal to a secret trove of treasure.
 56353 | Depths:2 | Received a gift from Okawaru
 56622 | Depths:3 | Found Pnizuutt's Armour Shoppe.
 56795 | Depths:3 | Reached skill level 25 in Axes
 56841 | Depths:3 | Paralysed by a giant eyeball for 2 turns
 57056 | Depths:3 | Reached XP level 23. HP: 215/232 MP: 29/29
 57076 | Depths:3 | Received a gift from Okawaru
 57731 | Depths:3 | Found a one-way gate to the infinite horrors of the Abyss.
 58361 | Depths:4 | Found a gateway to a ziggurat.
 58622 | Zig:1    | Entered Level 1 of a ziggurat
 58640 | Zig:2    | Entered Level 2 of a ziggurat
 58658 | Zig:3    | Entered Level 3 of a ziggurat
 58757 | Zig:4    | Entered Level 4 of a ziggurat
 58807 | Zig:4    | Got a flickering golden amulet
 58808 | Zig:4    | Identified the amulet "Toyteog" {Clar rPois} (You found it on level 4 of a ziggurat)
 58813 | Zig:5    | Entered Level 5 of a ziggurat
 58924 | Zig:6    | Entered Level 6 of a ziggurat
 58988 | Zig:6    | Reached XP level 24. HP: 238/243 MP: 9/29
 59081 | Zig:7    | Entered Level 7 of a ziggurat
 59103 | Zig:7    | Received a gift from Okawaru
 59111 | Zig:7    | Reached skill level 26 in Axes
 59477 | Zig:7    | Got a bloodstained broad axe
 59478 | Zig:7    | Identified the +7,+10 broad axe of Qawib {chop, rElec rC+ Dex-2 Stlth+} (You found it on level 7 of a ziggurat)
 59484 | Zig:8    | Entered Level 8 of a ziggurat
 59571 | Zig:8    | Got a pitted bronze ring
 59580 | Zig:8    | Identified the ring "Oqohaysa" {+Inv Str+3 Dex+3} (You found it on level 8 of a ziggurat)
 59590 | Zig:9    | Entered Level 9 of a ziggurat
 59829 | Zig:10   | Entered Level 10 of a ziggurat
 59905 | Zig:10   | Received a gift from Okawaru
 59944 | Zig:10   | Reached skill level 10 in Invocations
 59944 | Zig:10   | Reached XP level 25. HP: 243/250 MP: 29/31
 60031 | Depths:4 | Got a steaming golden ring
 60033 | Depths:4 | Got a vibrating lapis lazuli ring
 60034 | Depths:4 | Identified the ring of Paevan {EV+3 Str-3} (You found it on level 4 of the Depths)
 60035 | Depths:4 | Identified the ring "Iloicvev" {MP+9 Dex-3 Int+2} (You found it on level 4 of the Depths)
 60190 | Depths:4 | Found Ogiptat's Jewellery Shop.
 60607 | Depths:4 | Upgraded the game from 0.14.0-17-gc0b17a5 to 0.14.0-18-g0341e45
 60696 | Depths:5 | Entered Level 5 of the Depths
 60828 | Depths:5 | Reached XP level 26. HP: 142/260 MP: 16/31
 61524 | Depths:5 | Received a gift from Okawaru
 61828 | Depths:5 | Found a gate to the Realm of Zot.
 62161 | Zot:1    | Entered Level 1 of the Realm of Zot
 62247 | Zot:1    | Cast into the Abyss (yellow draconian)
 62247 | Abyss:1  | Found a corrupted altar of Lugonu.
 62283 | Abyss:1  | Identified a +0 pair of boots of running (You acquired it on level 1 of the Abyss)
 62473 | Abyss:2  | Found a corrupted altar of Lugonu.
 62853 | Abyss:5  | Entered Level 5 of the Abyss
 62853 | Abyss:5  | Found a corrupted altar of Lugonu.
 62921 | Abyss:5  | Found a corrupted altar of Lugonu.
 62936 | Abyss:5  | Got an abyssal rune of Zot
 62966 | Abyss:5  | Noticed an ancient lich
 63003 | Abyss:5  | Killed an ancient lich
 63053 | Zot:1    | Escaped the Abyss
 63711 | Zot:1    | Received a gift from Okawaru
 63735 | Zot:1    | Got a smoking broad axe {god gift}
 63736 | Zot:1    | Identified the +8,+3 broad axe "Beetleslayer" {elec, rC- Dex+1 Int+2} (Okawaru gifted it to you on level 1 of the Realm of Zot)
 64316 | Zot:2    | Gained mutation: You can breathe flames. [potion of beneficial mutation]
 64356 | Zot:2    | Reached XP level 27. HP: 271/271 MP: 32/32
 64804 | Zot:3    | Reached skill level 27 in Armour
 64871 | Zot:3    | Received a gift from Okawaru
 64969 | Zot:3    | Reached skill level 27 in Fighting
 65381 | Zot:3    | Received a gift from Okawaru
 65382 | Zot:3    | Got a pair of warped gloves {god gift}
 65386 | Zot:3    | Identified the +0 pair of gloves of the Great Game {Dex+2 Stlth} (Okawaru gifted it to you on level 3 of the Realm of Zot)
 67391 | Elf:1    | Entered Level 1 of the Elven Halls
 67528 | Elf:1    | Found Khazoem's Magic Scroll Boutique.
 67537 | Elf:1    | Bought a scroll of enchant armour for 135 gold pieces
 67537 | Elf:1    | Bought a scroll of enchant armour for 135 gold pieces
 67537 | Elf:1    | Bought a scroll of enchant weapon I for 63 gold pieces
 67838 | Elf:1    | Received a gift from Okawaru
 68766 | Elf:3    | Entered Level 3 of the Elven Halls
 70402 | Elf:3    | Got an ancient ruby amulet
 70436 | Elf:3    | Identified the amulet of Klock {Clar MR+} (You found it on level 3 of the Elven Halls)
 71082 | D:6      | Fell from the grace of Okawaru
 71082 | D:6      | Became a worshipper of the Shining One
 71484 | Crypt:1  | Entered Level 1 of the Crypt
 71566 | Crypt:1  | Got a slimy shield
 71639 | Crypt:1  | Reached skill level 15 in Invocations
 71723 | Crypt:1  | Acquired the Shining One's first power
 72285 | Crypt:1  | Acquired the Shining One's second power
 72428 | Crypt:1  | Got a heavily runed bone amulet
 73213 | Crypt:2  | Acquired the Shining One's third power
 74128 | Crypt:3  | Identified the amulet "Pedgh" {+Rage Dex+3 Int+1} (You found it on level 1 of the Crypt)
 74133 | Crypt:3  | Found a staircase to the Tomb.
 74480 | Crypt:4  | Acquired the Shining One's fourth power
 74582 | Crypt:4  | Noticed Xtahua
 74597 | Crypt:4  | Killed Xtahua
 75301 | Crypt:5  | Entered Level 5 of the Crypt
 75334 | Crypt:5  | Noticed Saint Roka
 75360 | Crypt:5  | Killed Saint Roka
 75491 | Crypt:5  | Identified the cursed +3 shield of Imperfection {Int+2 Acc-4} (You found it on level 1 of the Crypt)
 75802 | Crypt:5  | Found an ancient bone altar of Kikubaaqudgha.
 75802 | Crypt:5  | Noticed an ancient lich
 75810 | Crypt:5  | Killed an ancient lich
 76855 | D:6      | Identified a +6,+8 broad axe of holy wrath (a +6,+7 broad axe of flaming blessed by the Shining One)
 77247 | Lair:6   | Found a staircase to the Slime Pits.
 77269 | Slime:1  | Entered Level 1 of the Pits of Slime
 77368 | Slime:6  | Entered Level 6 of the Pits of Slime
 77393 | Slime:6  | Gained mutation: Your vision is a little blurry. [a shining eye]
 77441 | Slime:6  | Noticed the royal jelly
 77463 | Slime:6  | Found a viscous altar of Jiyva.
 77466 | Slime:6  | Paralysed by a giant eyeball for 4 turns
 77469 | Slime:6  | Gained mutation: You heal slowly when monsters are visible. [a shining eye]
 77480 | Slime:6  | Killed the royal jelly
 77555 | Slime:6  | Got a pair of ancient gloves
 77620 | Slime:6  | Identified the cursed +1 pair of gloves of Focus {rElec rN+ SInv} (You found it on level 6 of the Pits of Slime)
 77631 | Slime:6  | Got a slimy rune of Zot
 77659 | Slime:6  | Got a warped lead ring
 77677 | Slime:6  | Identified the ring of Phynohao {rPois Dex+2 Dam+3} (You found it on level 6 of the Pits of Slime)
 78199 | Depths:3 | Lost mutation: You heal slowly when monsters are visible. [potion of cure mutation]
 78199 | Depths:3 | Lost mutation: Your vision is a little blurry. [potion of cure mutation]
 78199 | Depths:3 | Lost mutation: You can breathe flames. [potion of cure mutation]
 78222 | Hell     | Entered the Vestibule of Hell
 78222 | Hell     | Noticed Geryon
 78247 | Hell     | Killed Geryon
 78319 | Hell     | Found a gateway to the ashen valley of Gehenna.
 78368 | Geh:1    | Entered Level 1 of Gehenna
 79360 | Geh:4    | Was forgiven by Okawaru
 79504 | Geh:7    | Entered Level 7 of Gehenna
 80374 | Geh:7    | Got a twisted executioner's axe
 80598 | Geh:7    | Noticed Asmodeus
 80621 | Geh:7    | Killed Asmodeus
 80651 | Geh:7    | Got an obsidian rune of Zot
 80914 | Pan      | Entered Pandemonium
 80988 | Pan      | Found an exit through the horrors of the Abyss.
 81058 | Pan      | Noticed Xeit the pandemonium lord
 81068 | Pan      | Killed Xeit the pandemonium lord
 81373 | Pan      | Found a gateway to a ziggurat.
 81385 | Zig:1    | Entered Level 1 of a ziggurat
 81408 | Zig:2    | Entered Level 2 of a ziggurat
 81425 | Zig:2    | Identified the +8,+11 executioner's axe of Piurit {vamp, SInv} (You found it on level 7 of Gehenna)
 81435 | Zig:3    | Entered Level 3 of a ziggurat
 81467 | Zig:4    | Entered Level 4 of a ziggurat
 81494 | Zig:5    | Entered Level 5 of a ziggurat
 81531 | Zig:6    | Entered Level 6 of a ziggurat
 81531 | Zig:6    | Noticed Leibowitz's ghost (legendary MfGl)
 81562 | Zig:6    | Killed Leibowitz's ghost
 81620 | Zig:7    | Entered Level 7 of a ziggurat
 81896 | Zig:8    | Entered Level 8 of a ziggurat
 81981 | Zig:9    | Entered Level 9 of a ziggurat
 82037 | Zig:10   | Entered Level 10 of a ziggurat
 82109 | Zig:11   | Entered Level 11 of a ziggurat
 82181 | Zig:12   | Entered Level 12 of a ziggurat
 82200 | Zig:12   | Noticed an ancient lich
 82214 | Zig:12   | Reached skill level 1 in Evocations
 82219 | Zig:12   | Killed an ancient lich
 82249 | Zig:12   | Got a heavily runed lapis lazuli ring
 82301 | Zig:13   | Entered Level 13 of a ziggurat
 82647 | Zig:14   | Entered Level 14 of a ziggurat
 82658 | Zig:14   | Noticed an orb of fire
 82658 | Zig:14   | Gained mutation: You are dopey. (Int -2) [an orb of fire]
 82665 | Zig:14   | Noticed an orb of fire
 82672 | Zig:14   | Noticed an orb of fire
 82679 | Zig:14   | Killed an orb of fire
 82694 | Zig:14   | Got a wavering platinum ring
 82897 | Pan      | Reached skill level 5 in Evocations
 83073 | Pan      | Noticed Witopnept the pandemonium lord
 83088 | Pan      | Killed Witopnept the pandemonium lord
 83168 | Pan      | Found an exit through the horrors of the Abyss.
 83355 | Pan      | Reached skill level 27 in Shields
 83367 | Pan      | Lost intelligence.
 83408 | Pan      | Lost mutation: You are dopey. (Int -2) [potion of cure mutation]
 83616 | Pan      | Identified the ring "Foariyrph" {-Tele +Inv Dex+3} (You found it on level 14 of a ziggurat)
 83809 | Pan      | Found an exit through the horrors of the Abyss.
 83841 | Pan      | Identified the ring "Shinug" {rF+ rC++ EV+6 Dam+5} (You found it on level 12 of a ziggurat)
 83950 | Pan      | Noticed Wodeunee the pandemonium lord
 83962 | Pan      | Killed Wodeunee the pandemonium lord
 84193 | Pan      | Gained mutation: You are resistant to hostile enchantments. [potion of beneficial mutation]
 84280 | Pan      | Found an exit through the horrors of the Abyss.
 84290 | Pan      | Found a gateway to a ziggurat.
 84804 | Pan      | Found an exit through the horrors of the Abyss.
 85038 | Pan      | Got a glittering jade ring
 85360 | Pan      | Entered the realm of Lom Lobon.
 85360 | Pan      | Noticed Lom Lobon
 85369 | Pan      | Killed Lom Lobon
 85369 | Pan      | Reached skill level 27 in Invocations
 85369 | Pan      | Reached skill level 10 in Evocations
 85423 | Pan      | Got a magical rune of Zot
 85598 | Pan      | Found a gateway to a ziggurat.
 85627 | Zig:1    | Entered Level 1 of a ziggurat
 85797 | Zig:2    | Entered Level 2 of a ziggurat
 85826 | Zig:3    | Entered Level 3 of a ziggurat
 85857 | Zig:4    | Entered Level 4 of a ziggurat
 86015 | Zig:5    | Entered Level 5 of a ziggurat
 86056 | Zig:6    | Entered Level 6 of a ziggurat
 86098 | Zig:7    | Entered Level 7 of a ziggurat
 86121 | Zig:7    | Reached skill level 5 in Dodging
 86298 | Zig:8    | Entered Level 8 of a ziggurat
 86366 | Zig:8    | Got a heavily runed cloak
 86369 | Zig:8    | Identified the cursed ring of Xom's Malicious Joy {rPois rN+ Int-3} (You took it off a blood saint in Pandemonium)
 86370 | Zig:8    | Identified the cursed -5 cloak of Cruucw {rC+} (You found it on level 8 of a ziggurat)
 86377 | Zig:9    | Entered Level 9 of a ziggurat
 86436 | Zig:9    | Got a scintillating lead ring
 86438 | Zig:9    | Got a pair of faintly humming gloves
 86439 | Zig:9    | Identified the cursed +4 pair of gloves of the Townfolk {Dam-5 Stlth-} (You found it on level 9 of a ziggurat)
 86441 | Zig:9    | Identified the ring "Udaydia" {+Blink rC+ Dex+4} (You found it on level 9 of a ziggurat)
 86450 | Zig:9    | Got a twisted hat
 86451 | Zig:9    | Identified the +2 hat "Eqegic" {Dex+2 Dam+3} (You acquired it on level 9 of a ziggurat)
 86567 | Zig:10   | Entered Level 10 of a ziggurat
 86661 | Zig:10   | Got a brightly glowing bone ring
 86664 | Zig:10   | Got a glittering iron ring
 86665 | Zig:10   | Identified the ring "Bololaq" {Hunger +Fly rN+} (You found it on level 10 of a ziggurat)
 86666 | Zig:10   | Identified the ring "Cahis" {rF++ rC+ Str+3 SInv} (You found it on level 10 of a ziggurat)
 86684 | Zig:11   | Entered Level 11 of a ziggurat
 86697 | Zig:11   | Noticed Feprex the pandemonium lord
 86719 | Zig:11   | Killed Feprex the pandemonium lord
 87140 | Pan      | Noticed Atuzxorong the pandemonium lord
 87164 | Pan      | Killed Atuzxorong the pandemonium lord
 87233 | Pan      | Found an exit through the horrors of the Abyss.
 87392 | Pan      | Entered the realm of Mnoleg.
 87535 | Pan      | Reached skill level 15 in Evocations
 87575 | Pan      | Noticed Mnoleg
 87599 | Pan      | Lost intelligence.
 87610 | Pan      | Killed Mnoleg
 87633 | Pan      | Gained mutation: You are frail (-10% HP). [a cacodemon]
 87659 | Pan      | Got a glowing rune of Zot
 87662 | Pan      | Lost mutation: You are frail (-10% HP). [potion of cure mutation]
 87662 | Pan      | Lost mutation: You are resistant to hostile enchantments. [potion of cure mutation]
 87801 | Pan      | Gained mutation: Your magical capacity is low (-10% MP). [a cacodemon]
 87912 | Pan      | Found an exit through the horrors of the Abyss.
 87968 | Pan      | Got a scintillating lapis lazuli ring
 87969 | Pan      | Identified the ring "Munairil" {Hunger+ Dex+2} (You found it in Pandemonium)
 88031 | Pan      | Found a gateway to a ziggurat.
 88064 | Zig:1    | Entered Level 1 of a ziggurat
 88082 | Zig:2    | Entered Level 2 of a ziggurat
 88137 | Zig:3    | Entered Level 3 of a ziggurat
 88260 | Zig:4    | Entered Level 4 of a ziggurat
 88300 | Zig:5    | Entered Level 5 of a ziggurat
 88340 | Zig:5    | Reached skill level 15 in Dodging
 88343 | Zig:6    | Entered Level 6 of a ziggurat
 88346 | Zig:6    | Noticed Riahaji the pandemonium lord
 88378 | Zig:6    | Killed Riahaji the pandemonium lord
 88394 | Zig:7    | Entered Level 7 of a ziggurat
 88442 | Zig:8    | Entered Level 8 of a ziggurat
 88478 | Zig:8    | Paralysed by a giant eyeball for 4 turns
 88488 | Zig:8    | Paralysed by a giant eyeball for 3 turns
 88547 | Zig:9    | Entered Level 9 of a ziggurat
 88567 | Zig:9    | Paralysed by a giant eyeball for 3 turns
 88582 | Zig:9    | Paralysed by a giant eyeball for 4 turns
 88598 | Zig:9    | Paralysed by a giant eyeball for 3 turns
 88795 | Zig:9    | Got a faintly glowing bronze ring
 88797 | Zig:9    | Got a twitching golden ring
 88801 | Zig:9    | Identified the ring of Woyl {rC++ rN+ MP+9} (You found it on level 9 of a ziggurat)
 88802 | Zig:9    | Identified the ring of Frygaisch {Str+1 Dex+2 Dam+2 SInv} (You found it on level 9 of a ziggurat)
 88816 | Zig:10   | Entered Level 10 of a ziggurat
 88870 | Zig:10   | Got a smoking iron ring
 88871 | Zig:10   | Identified the ring of Symmetry {rN+ Dex+4 Int+2} (You found it on level 10 of a ziggurat)
 88884 | Zig:11   | Entered Level 11 of a ziggurat
 88938 | Zig:12   | Entered Level 12 of a ziggurat
 89049 | Zig:12   | Lost mutation: Your magical capacity is low (-10% MP). [potion of cure mutation]
 89055 | Zig:13   | Entered Level 13 of a ziggurat
 89120 | Zig:14   | Entered Level 14 of a ziggurat
 89264 | Zig:14   | Got a fine granite ring
 89273 | Zig:14   | Identified the ring "Kurecodo" {-Cast EV+2 Acc-2 Dam+4} (You found it on level 14 of a ziggurat)
 89391 | Zig:15   | Entered Level 15 of a ziggurat
 89576 | Zig:16   | Entered Level 16 of a ziggurat
 89803 | Zig:16   | Got a steaming bronze ring
 89818 | Zig:16   | Identified the ring of the Hippo {SustAb Dex+1 Stlth+} (You found it on level 16 of a ziggurat)
 90357 | Pan      | Found an exit through the horrors of the Abyss.
 90389 | Pan      | Noticed Mniatoet the pandemonium lord
 90395 | Pan      | Killed Mniatoet the pandemonium lord
 91078 | Pan      | Found an exit through the horrors of the Abyss.
 91366 | Pan      | Noticed Clumneg the pandemonium lord
 91374 | Pan      | Killed Clumneg the pandemonium lord
 91774 | Pan      | Noticed Cevibiosk the pandemonium lord
 91780 | Pan      | Killed Cevibiosk the pandemonium lord
 91843 | Pan      | Found an exit through the horrors of the Abyss.
 92289 | Pan      | Entered the realm of Cerebov.
 92381 | Pan      | Noticed Cerebov
 92510 | Pan      | Got a fiery rune of Zot
 92591 | Pan      | Found an exit through the horrors of the Abyss.
 92641 | Pan      | Noticed Lycot the pandemonium lord
 92655 | Pan      | Killed Lycot the pandemonium lord
 92682 | Pan      | Got a demonic rune of Zot
 93136 | Pan      | Found an exit through the horrors of the Abyss.
 93374 | Pan      | Noticed Ibba the pandemonium lord
 93381 | Pan      | Killed Ibba the pandemonium lord
 94065 | Pan      | Noticed Wemie the pandemonium lord
 94071 | Pan      | Lost intelligence.
 94075 | Pan      | Killed Wemie the pandemonium lord
 94310 | Pan      | Found an exit through the horrors of the Abyss.
 94385 | Pan      | Gained mutation: You are partially covered in thin metallic scales (AC +2). [potion of beneficial mutation]
 94820 | Pan      | Noticed Klig the pandemonium lord
 94833 | Pan      | Killed Klig the pandemonium lord
 95333 | Pan      | Found an exit through the horrors of the Abyss.
 95404 | Pan      | Entered the realm of Gloorx Vloq.
 95561 | Pan      | Noticed Gloorx Vloq
 95585 | Pan      | Killed Gloorx Vloq
 95585 | Pan      | HP: 13/271 [Executioner (11)]
 95586 | Pan      | HP: 1/271 [cloud of foul pestilence (12)]
 95586 | Pan      | Slain by an Executioner

Action                   |  1- 3 |  4- 6 |  7- 9 | 10-12 | 13-15 | 16-18 | 19-21 | 22-24 | 25-27 || total
-------------------------+-------+-------+-------+-------+-------+-------+-------+-------+-------++-------
Melee: War axe           |    83 |   150 |    94 |    10 |    32 |    82 |       |       |       ||   451
       Broad axe         |       |       |   152 |   591 |  1367 |  1574 |  1556 |  1071 |  6283 || 12594
Invok: Heroism           |       |       |       |     4 |     6 |     7 |     6 |     3 |     1 ||    27
       Finesse           |       |       |       |       |     2 |     1 |     2 |     1 |       ||     6
       Cleansing Flame   |       |       |       |       |       |       |       |       |    77 ||    77
       Summon Divine War |       |       |       |       |       |       |       |       |    10 ||    10
       Divine Shield     |       |       |       |       |       |       |       |       |     9 ||     9
 Abil: Evoke Flight      |       |       |       |       |       |       |       |     3 |       ||     3
       Stop Flying       |       |       |       |       |       |       |       |     1 |       ||     1
       Breathe Fire      |       |       |       |       |       |       |       |       |     1 ||     1
       Evoke Teleport Co |       |       |       |       |       |       |       |       |     2 ||     2
Evoke: Wand              |       |     1 |       |    10 |     1 |     1 |     1 |     7 |    12 ||    33
  Use: Scroll            |       |    10 |     3 |    19 |    11 |    21 |    10 |    21 |    93 ||   188
       Potion            |       |     4 |     3 |     2 |     2 |     2 |       |     6 |    32 ||    51
 Stab: Confused          |       |       |       |       |     1 |       |       |     1 |       ||     2
       Distracted        |       |       |       |       |       |       |     1 |       |       ||     1
       Petrified         |       |       |       |       |       |       |       |       |     1 ||     1
